 Dungeon Crawl Stone Soup version 0.22-a0-305-gd21a89c (webtiles) character file.

107 mhoghedin the Magician (level 4, -1/21 HPs)
             Began as a Spriggan Earth Elementalist on Mar 30, 2018.
             Slain by an orc wizard
             ... wielding a +0 dagger
              (3 damage)
             ... on level 2 of the Dungeon.
             The game lasted 00:07:16 (2393 turns).

mhoghedin the Magician (SpEE)                       Turns: 2393, Time: 00:07:17

Health: -1/21      AC:  2    Str:  4    XL:     4   Next: 56%
Magic:  2/11       EV: 18    Int: 24    God:
Gold:   82         SH:  0    Dex: 16    Spells: 6/12 levels left

rFire    . . .     SeeInvis +   e - +0 club
rCold    . . .     Gourm    .   (shield restricted)
rNeg     + . .     Faith    .   c - +0 robe
rPois    .         Spirit   .   (helmet restricted)
rElec    .         Reflect  .   (no cloak)
rCorr    .         Harm     .   (gloves unavailable)
MR       .....                  (boots unavailable)
Stlth    ++........             (no amulet)
HPRegen  0.07/turn              f - ring of positive energy {rN+}
MPRegen  0.12/turn              m - +5 ring of intelligence

@: very slightly contaminated, very quick
A: very small, unfitting armour, claws 1, see invisible, clever 1, herbivore,
speed 3, slow metabolism 2
a: no special abilities


You were on level 2 of the Dungeon.
You were not hungry.

You visited 1 branch of the dungeon, and saw 3 of its levels.

You collected 82 gold pieces.

Inventory:

Hand Weapons
 e - a +0 club (weapon)
   (You took it off a goblin on level 1 of the Dungeon)
Armour
 c - a +0 robe (worn)
Jewellery
 f - a ring of positive energy (left claw) {rN+}
   (You found it on level 1 of the Dungeon)
 m - a +5 ring of intelligence (right claw)
   (You found it on level 2 of the Dungeon)
Scrolls
 b - a scroll of fog {unknown}
 g - a scroll of teleportation {unknown}
 i - a scroll of identify
 k - a scroll of remove curse {unknown}
Potions
 a - a potion of mutation {!q}
 h - a potion of flight {unknown}
 j - a potion of curing {unknown}
 l - a potion of haste {unknown}
 n - a potion of degeneration {unknown}
Comestibles
 d - 5 rations


   Skills:
 - Level 3.0 Dodging
 - Level 3.0 Stealth
 + Level 4.6 Spellcasting
 - Level 1.3 Transmutations
 + Level 3.9 Earth Magic


You had 6 spell levels left.
You knew the following spells:

 Your Spells              Type           Power        Failure   Level  Hunger
a - Sandblast             Erth           ###...       1%          1    None
w - Passwall              Tmut/Erth      ###.......   4%          2    None
x - Stone Arrow           Conj/Erth      ###...       12%         3    ##.....


Dungeon Overview and Level Annotations

Branches:
Dungeon (3/15)

Altars:
Elyvilon


Innate Abilities, Weirdness & Mutations

You are very small and have problems with some larger weapons.
You are too small for most types of armour.
You have supernaturally acute eyesight. (SInv)
You are a herbivore.
You cover ground extremely quickly.
You need to consume almost no food.
You have sharp fingernails.
Your mind is acute. (Int +2)


Message History

You hit the goblin.
You kill the goblin!
You see here a dart slug corpse.
You start resting.
An orc wizard comes into view. It is wielding a dagger.
You regained 2 mp, and now have 5/11 mp. 2 orcs come into view.
The orc shouts!
Unknown command.
There is a stone staircase leading down here.
You see here a dart slug corpse.
Health restored: 21
Aim: an orc, wearing a ring mail The stone arrow hits the orc.
You kill the orc!
You now have 3/11 mp.
Aim: an orc, wielding a falchion The stone arrow hits the orc.
You kill the orc!
You now have 0/11 mp.
You start resting.
You are feeling hungry.
You regained 6 mp, and now have 6/11 mp.
Things that are here:
a falchion; a dart slug corpse You start resting.
MP restored: 11
Things that are here:
a falchion; a dart slug corpse The orc wizard shouts!
Okay, then.
Unknown command.
Aim: an orc wizard, wielding a dagger and wearing a robe You miscast Stone Arrow.
You are very lightly contaminated with residual magic.
Motes of dust swirl before your eyes.
You now have 8/11 mp.
Aim: an orc wizard, wielding a dagger and wearing a robe The stone arrow hits the orc wizard.
The orc wizard casts a spell at you. The puff of flame hits you!
You take 9 damage, and have 12/21 hp.
MASSIVE DAMAGE!!
You now have 5/11 mp.
Aim: an orc wizard, wielding a dagger and wearing a robe (moderately wounded)
The stone arrow hits the orc wizard.
The orc wizard gestures at you while chanting.
The puff of frost misses you.
You now have 2/11 mp.
You hit the orc wizard. The orc wizard closely misses you.
The orc wizard mumbles some strange words.
The orc wizard flickers and vanishes for a moment.
Things that are here:
a falchion; a dart slug corpse The orc wizard points at you and mumbles some strange words.
The puff of frost hits you!
* * * LOW HITPOINT WARNING * * *
You take 9 damage, and have 4/21 hp.
MASSIVE DAMAGE!!
You can't see any susceptible monsters within range! (Use Z to cast anyway.) Unknown command.
There is a stone staircase leading up here.
You climb upwards.
There is a stone staircase leading down here.
You start resting.
Your magical contamination has completely faded away.
You regained 2 mp, and now have 5/11 mp.
Unknown command.
You start resting.
Health restored: 21; MP restored: 11 You eat one of the 6 rations.
That ration really hit the spot!
You climb downwards.
There is a stone staircase leading up here.
Aim: an orc wizard, wielding a dagger and wearing a robe The stone arrow misses the orc wizard.
You now have 8/11 mp.
Aim: an orc wizard, wielding a dagger and wearing a robe The stone arrow hits the orc wizard.
The orc wizard hits you with a dagger.
You take 5 damage, and have 16/21 hp.
MASSIVE DAMAGE!!
You now have 5/11 mp.
Unknown command.
Aim: an orc wizard, wielding a dagger and wearing a robe (heavily wounded)
You miscast Stone Arrow.
You are very lightly contaminated with residual magic.
Sparks fly from your claws!
The orc wizard points at you and mumbles some strange words.
The puff of frost hits you!
You take 9 damage, and have 7/21 hp.
MASSIVE DAMAGE!!
You now have 2/11 mp.
Unknown command.
The orc wizard hits you with a dagger.
* * * LOW HITPOINT WARNING * * *
You climb upwards.
There is a stone staircase leading down here.
You take 5 damage, and have 2/21 hp.
MASSIVE DAMAGE!!
The orc wizard hits you with a dagger.
You die...

.#.>.#...###..........#
..#....##.............#
#.#....#....#........[#
..#...##..###.........#
..........# ##.......##
[.....#..######.....##
............####.####
..........#..##..#
..........##..#.@#
..........###..o.#
.................#
#.......)......).#
#................#
.........####....#
####...#.## #.##.#
#...#..###.##.#
#.#.....##....#####


You could see an orc wizard.

Vanquished Creatures
  Jessica (D:2)
  An adder (D:2)
  An ooze (D:2)
  A worm (D:2)
  5 dart slugs
  2 leopard geckos
  2 orcs (D:3)
  3 giant cockroaches
  8 goblins
  5 hobgoblins
  3 quokkas
  3 ball pythons
  5 bats
  2 frilled lizards
  3 kobolds
  6 rats
51 creatures vanquished.

Notes
Turn   | Place    | Note
-------+----------+-------------------------------------------
     0 | D:1      | mhoghedin the Spriggan Earth Elementalist began the quest for the Orb.
     0 | D:1      | Reached XP level 1. HP: 9/9 MP: 5/5
   123 | D:1      | Reached skill level 3 in Spellcasting
   197 | D:1      | Reached skill level 3 in Earth Magic
   200 | D:1      | Reached XP level 2. HP: 8/13 MP: 0/7
   487 | D:1      | Learned a level 2 spell: Passwall
   908 | D:2      | Reached XP level 3. HP: 16/16 MP: 7/9
   956 | D:2      | Learned a level 3 spell: Stone Arrow
  1030 | D:2      | Reached skill level 4 in Spellcasting
  1057 | D:2      | Noticed Jessica
  1438 | D:2      | Killed Jessica
  1438 | D:2      | Reached XP level 4. HP: 21/21 MP: 3/11
  1600 | D:2      | Found a white marble altar of Elyvilon.
  1935 | D:3      | Gained mutation: You occasionally shout uncontrollably at your foes. [potion of mutation]
  1935 | D:3      | Gained mutation: You have sharp fingernails. [potion of mutation]
  1935 | D:3      | Lost mutation: You occasionally shout uncontrollably at your foes. [potion of mutation]
  1935 | D:3      | Gained mutation: Your mind is acute. (Int +2) [potion of mutation]
  2142 | D:3      | HP: 4/21 [orc wizard/puff of frost (9)]
  2391 | D:3      | HP: 2/21 [orc wizard/dagger (5)]
  2393 | D:2      | Slain by an orc wizard

Vault maps used:
D:1:      lemuel_arrival_broad_hall
D:2:      lemuel_round_altar, uniq_jessica
D:3:      minmay_misc_feat_chi

Skill      XL: |  1  2  3 |
---------------+----------+-----
Spellcasting   | 3 4 |  4.6
Earth Magic    | 3 |  3.9
Dodging        | |  3.0
Stealth        | |  3.0
Transmutations | |  1.3

Action                   |  1- 3 |  4- 6 || total
-------------------------+-------+-------++-------
Melee: Club              |    19 |    21 ||    40
 Cast: Sandblast         |    44 |     1 ||    45
       Stone Arrow       |     9 |    18 ||    27
  Use: Scroll            |       |     1 ||     1
       Potion            |       |     1 ||     1
  Eat: Ration            |       |     1 ||     1
Armor: Robe              |     4 |     4 ||     8
Dodge: Dodged            |    35 |    35 ||    70

Table legend:
 A = Spawn XP
 B = Non-spawn XP
 C = Spawn XP percentage of total XP
 D = Spawn monster count
 E = Non-spawn monster count
 F = Spawn count percentage of total count
 G = Total turns spent on level
                    A         B        C        D         E        F      G
               +---------+---------+-------+---------+---------+-------+---------
         Total |       0 |     153 |   0.0 |       0 |      51 |   0.0 |  2393
               +---------+---------+-------+---------+---------+-------+---------
           D:1 |       0 |      40 |   0.0 |       0 |      21 |   0.0 |   905
           D:2 |       0 |      99 |   0.0 |       0 |      25 |   0.0 |  1259
           D:3 |       0 |      14 |   0.0 |       0 |       5 |   0.0 |   229
               +---------+---------+-------+---------+---------+-------+---------

Vault maps used:
D:1:      lemuel_arrival_broad_hall
D:2:      lemuel_round_altar, uniq_jessica
D:3:      minmay_misc_feat_chi

Table legend:
 A = Turns spent in this place as a percentage of turns spent in the entire game.
 B = Non-inter-level travel turns spent in this place as a percentage of non-inter-level travel turns spent in the entire game.
 C = Inter-level travel turns spent in this place as a percentage of turns spent in this place.
 D = Turns resting spent in this place as a percentage of non-inter-level travel turns spent in this place.
 E = Turns spent auto-exploring this place as a percentage of non-inter-level travel turns spent in this place.
 F = Non-inter-level travel turns spent in this place divided by the number of levels of this place that you've seen.
                   A       B       C       D       E      F
               +-------+-------+-------+-------+-------+----------------------
         Total | 100.0 | 100.0 |   1.6 |  41.3 |  37.5 | 785.0
       Dungeon | 100.0 | 100.0 |   1.6 |  41.3 |  37.5 | 785.0
               +-------+-------+-------+-------+-------+----------------------

Table legend:
 A = Kills in this place as a percentage of kills in entire the game.
 B = Kills by you in this place as a percentage of kills by you in the entire game.
 C = Kills by friends in this place as a percentage of kills by friends in the entire game.
 D = Other kills in this place as a percentage of other kills in the entire game.
 E = Experience gained in this place as a percentage of experience gained in the entire game.
 F = Experience gained in this place divided by the number of levels of this place that you have seen.
                   A       B       C       D       E      F
               +-------+-------+-------+-------+-------+----------------------
         Total | 100.0 | 100.0 |   N/A |   N/A | 100.0 |  51.0
       Dungeon | 100.0 | 100.0 |   N/A |   N/A | 100.0 |  51.0
               +-------+-------+-------+-------+-------+----------------------
